 Dungeon Sprint DCSS version 0.26.1-11-gd32895ea62 (webtiles) character file.

Game seed: 7250829246046662795

17 Groucho the Skirmisher (level 2, -2/26 HPs)
             Began as a Ghoul Warper on July 5, 2021.
             Slain by a centaur (5 damage)
             ... in the Dungeon (Sprint IX: "|||||||||||||||||||||||||||||").
             The game lasted 00:00:46 (66 turns).

Groucho the Skirmisher (Ghoul Warper)                 Turns: 66, Time: 00:00:47

Health: -2/26      AC:  3    Str: 14    XL:     2   Next: 62%
Magic:  4/4        EV: 12    Int:  8    God:
Gold:   0          SH:  0    Dex:  8    Spells: 5/5 levels left

rFire    . . .     SeeInvis .     - Unarmed
rCold    + . .     Faith    .   (no shield)
rNeg     + + +     Spirit   .   a - +0 leather armour
rPois    ∞         Reflect  .   (no helmet)
rElec    .         Harm     .   (no cloak)
rCorr    .         Rampage  .   (no gloves)
Will     .....     NoTele   +   (no boots)
Stlth    +.........             (no amulet)
HPRegen  0.00/turn              (no ring)
MPRegen  0.09/turn              (no ring)

@: hasted, very quick
A: claws 1, cold resistance 1, negative energy resistance 3, inhibited
regeneration, torment resistance, unbreathing
a: no special abilities


You were in the Dungeon.
You visited 1 branch

Inventory:

Missiles
 d - 5 boomerangs of dispersal (quivered)
Armour
 a - a +0 leather armour (worn)
Scrolls
 c - 2 scrolls of blinking
Potions
 e - a potion of curing
 h - 2 potions of magic


   Skills:
 * Level 3.3 Fighting
 - Level 0.8 Throwing
 * Level 2.0 Armour
 * Level 2.6 Dodging
 * Level 3.2 Unarmed Combat
 + Level 2.1 Spellcasting
 + Level 3.0 Translocations


You had 5 spell levels left.
You didn't know any spells.
Your spell library contained the following spells:

 Spells                   Type           Power        Failure   Level
 Blink                    Tloc           N/A          19%         2
 Gell's Gravitas          Tloc           2%           36%         3
 Lesser Beckoning         Tloc           2%           36%         3
 Teleport Other           Tloc           5%           36%         3
 Passage of Golubria      Tloc           N/A          77%         4


Dungeon Overview and Level Annotations

Branches:
Dungeon (1/1)

Altars:


Innate Abilities, Weirdness & Mutations

You thrive by killing the living.
You are immune to poison.
You have sharp fingernails.
Your flesh is cold resistant. (rC+)
You are immune to negative energy. (rN+++)
You do not regenerate when monsters are visible.
You are immune to unholy pain and torment.
You can survive without breathing.


Message History

The centaur is heavily wounded.
The centaur closely misses you.
You barely miss the centaur.
The centaur is heavily wounded.
The centaur closely misses you.
You barely miss the centaur.
The centaur is heavily wounded.
The centaur hits you!
* * * LOW HITPOINT WARNING * * *
You claw the centaur!
The centaur is severely wounded.
The centaur barely misses you.
You scratch the centaur.
The centaur is almost dead.
The centaur hits you.
* * * LOW HITPOINT WARNING * * *
You scratch the centaur.
The centaur is almost dead.
The centaur hits you.
You die... ▓▓▓▓▓▓▓▓▓▓▓▓▓▓▓▓▓▓ ▓<...(..†..@clZ..+ ▓▓▓▓▓▓▓▓▓▓▓▓▓▓▓▓▓▓

You could see a centaur, a giant cockroach zombie and a frilled lizard.

Vanquished Creatures
  An adder (D)
  An orc (D)
  A bat (D)
  A giant cockroach (D)
  A goblin (D)
  A hobgoblin (D)
  A frilled lizard (D)
7 creatures vanquished.

Notes
Turn   | Place    | Note
-------+----------+-------------------------------------------
     0 | D        | Groucho the Ghoul Warper began the quest for the Orb.
     0 | D        | Reached XP level 1. HP: 17/17 MP: 2/2
     9 | D        | Reached skill level 1 in Armour
    34 | D        | Noticed a centaur
    45 | D        | Reached XP level 2. HP: 12/25 MP: 4/4
    66 | D        | Slain by a centaur

Illustrated notes

Levels and vault maps discovered:
D:        linesprint [early_d, line_temple, items_1, d_10, items_2, lair_1,
          lair_end, items_3, orc_1, orc_end, items_4, d_15, swamp_1, shoals_1,
          snake_1, spider_1, d_20, vaults_1, items_5, swamp_end, shoals_end,
          snake_end, spider_end, vaults_end, d_27, items_6, zot_1, zot_end,
          crypt_end, forest_end, elf_end, slime_end, tomb_end, abyss_end,
          pan_hell_end]

Skill      XL: |  1  2 |
---------------+-------+-----
Armour         | 1 2 |  2.0
Dodging        | 2 |  2.6
Spellcasting   | 2 |  2.1
Fighting       | 3 |  3.3
Unarmed Combat | 3 |  3.2
Translocations | 3 |  3.0
Throwing       | |  0.8

Action                   || total
-------------------------++-------
Melee: Unarmed           ||    53
       Punch             ||     1
  Use: Potion            ||     2
Armor: Leather armour    ||     6
Dodge: Dodged            ||    32
